 Dungeon Crawl Stone Soup version 0.32-a0-699-g1ee5eff69a (webtiles) character file.

Game seed: 1105400881152626206

14331 BeKind the Carver (level 12, -15/75 HPs)
             Began as an Octopode Ice Elementalist on Mar 14, 2024.
             Was the Champion of Jiyva.
             Demolished by a cane toad (24 damage)
             ... on level 1 of the Lair of Beasts.
             The game lasted 00:23:02 (8508 turns).

BeKind the Carver (Octopode Ice Elementalist)       Turns: 8508, Time: 00:23:03

Health: -15/75     AC:  1    Str:  9    XL:     12   Next: 15%
Magic:  19/21      EV: 15    Int: 21    God:    Jiyva [******]
Gold:   926        SH: 10    Dex: 12    Spells: 10/17 levels left

rFire   + . .        n - +7 long sword of the Warrior-Mage {spect, SInv}
rCold   . . .        z - +0 buckler
rNeg    . . .        (helmet restricted)
rPois   .            i - amulet of reflection
rElec   .            w - ring of protection from fire
rCorr   +            (no ring)
SInv    +            (no ring)
Will    .....        (no ring)
Stlth   +++          (no ring)
HPRegen 2.72/turn    (no ring)
MPRegen 0.97/turn    (no ring)
                     (no ring)

%: reflection
@: lethally poisoned (-15 -> -15)
A: almost no armour, amphibious, 8 rings, camouflage 1, gelatinous body 1,
(nimble swimmer 1), tentacles, tentacle spike 1, high MP 3, passive freeze,
regeneration 1, acidic bite, evolution 1, jelly absorbing missiles, engulf
a: Renounce Religion, Oozemancy, Slimify


You were on level 1 of the Lair of Beasts.
You worshipped Jiyva.
Jiyva was exalted by your worship.
You visited 2 branches of the dungeon, and saw 13 of its levels.
You also visited: Bailey.

You collected 926 gold pieces.

Inventory:

Hand Weapons
 n - the +7 long sword of the Warrior-Mage (weapon) {spect, SInv}
   (You found it on level 4 of the Dungeon)

   SInv:      It lets you see invisible.
Armour
 z - a +0 buckler (worn)
Jewellery
 i - an amulet of reflection (around mantle)
 o - a ring of see invisible
 w - a ring of protection from fire (left tentacle)
 A - an amulet of the acrobat
Talismans
 m - a serpent talisman
Wands
 e - a wand of warping (13)
 r - a wand of polymorph (14)
 y - a wand of flame (22)
 B - a wand of mindburst (12)
Scrolls
 b - 5 scrolls of teleportation
 c - a scroll of torment
 h - 2 scrolls of enchant armour
 j - 2 scrolls of vulnerability
 p - a scroll of amnesia {unknown}
 s - 2 scrolls of enchant weapon
 u - 4 scrolls of blinking
 x - 4 scrolls of fear
 C - a scroll of noise {unknown}
 D - a scroll of revelation {unknown}
Potions
 a - a potion of magic
 d - 3 potions of lignification {unknown}
 f - 7 potions of curing {unknown}
 g - 2 potions of brilliance {unknown}
 k - 5 potions of mutation {unknown}
 l - a potion of attraction {unknown}
 q - a potion of invisibility {unknown}
 t - 3 potions of heal wounds {unknown}
 v - 2 potions of might {unknown}


   Skills:
 * Level 4.7 Fighting
 - Level 10.1 Long Blades
 - Level 9.0 Dodging
 + Level 3.0 Stealth
 * Level 8.3 Shields
 - Level 3.0 Spellcasting
 + Level 6.8 Summonings
 + Level 6.7 Ice Magic
 - Level 4.1 Shapeshifting


You had 10 spell levels left.
You knew the following spells:

 Your Spells              Type           Power      Damage    Failure   Level
a - Freeze                Ice            100%       1d10      1%          1
b - Summon Ice Beast      Ice/Summ       31%        N/A       3%          3
c - Frozen Ramparts       Ice            62%        1d10      3%          3

Your spell library contained the following spells:

 Spells                   Type           Power      Damage    Failure   Level
 Ozocubu's Armour         Ice            31%        N/A       3%          3
 Necrotise                Necr           12%        1d4       19%         1
 Martyr's Knell           Necr/Summ      17%        N/A       41%         4
 Dazzling Flash           Conj/Hex       6%         N/A       47%         3
 Mephitic Cloud           Conj/Alch/Air  3%         N/A       47%         3
 Vampiric Draining        Necr           3%         2d6       47%         3
 Curse of Agony           Necr           3%         N/A       99%         5
 Silence                  Hex/Air        1%         N/A       99%         5


Dungeon Overview and Level Annotations

Branches:
Dungeon (12/15)            Temple (0/1) D:6            Lair (1/5) D:11
    Orc (0/2) D:11         Bailey (visited)

Altars:
Ashenzari
Cheibriados
Fedhas
Ru
Sif Muna
Vehumet
Xom
Yredelemnul
Zin
Jiyva

Shops:
D:9 =   D:10 *

Annotations:
D:4 exclusion: statue
D:12 Azrael


Innate Abilities, Weirdness & Mutations

You cannot wear most types of armour.
You are amphibious.
You can wear up to eight rings at the same time.
Your skin changes colour to match your surroundings (Stealth+).
Your rubbery body absorbs attacks. (AC +1, EV +1)
((You are camouflaged when in or above water. (Stealth+)))
You have tentacles for arms and can constrict up to eight enemies at once.
One of your tentacles bears a spike.
You have a greatly increased reservoir of magic. (+30% MP)
A frigid envelope surrounds you and freezes all who hurt you.
Your natural rate of healing is unusually fast.
You have acidic saliva.
You have hidden genetic potential.
You have a small jelly attached to you that may absorb projectiles.
Your melee attacks may engulf your foes in ooze.


Message History

The polar bear barely misses you. The cane toad stings you.
The cane toad is very cold.
The cane toad seems to slow down.
The cane toad is lightly wounded.
Unknown command.
You hit the polar bear.
Your tentacle spike misses the polar bear.
Your squeeze misses the polar bear.
The polar bear is moderately wounded.
Your +7 long sword of the Warrior-Mage {spect, SInv} barely misses the polar bear.
The polar bear barely misses you. You block the polar bear's attack. x2
You slash the polar bear!
Your tentacle spike misses the polar bear.
You bite the polar bear, but do no damage.
The polar bear is heavily wounded.
Your +7 long sword of the Warrior-Mage {spect, SInv} hits the polar bear.
The cane toad stings you!!
You shudder from the blow and a jelly pops out!
You are poisoned.
The cane toad poisons you!
The polar bear bites your +7 long sword of the Warrior-Mage {spect, SInv}!
Your spectral weapon shares its damage with you!
The polar bear barely misses your +7 long sword of the Warrior-Mage {spect, SInv}.
The polar bear claws your +7 long sword of the Warrior-Mage {spect, SInv}.
Your spectral weapon shares its damage with you!
Your +7 long sword of the Warrior-Mage {spect, SInv} disappears.
The polar bear growls angrily.
Unknown command.
You are too injured to fight recklessly!
Casting: Summon Ice Beast (dangerous; 3% risk of failure)
Confirm with . or Enter, or press ? or * to list all spells.
A chill wind blows around you.
You feel very sick. The polar bear bites you!
* * * LOW HITPOINT WARNING * * *
The polar bear resists.
The polar bear is very cold.
The polar bear is severely wounded.
You block the polar bear's attack. The polar bear misses you.
The cane toad stings you!!
You die...
Jiyva sends a jelly to digest your remains.

... ......[#....#.#
.......#....... ..
...$...#...... .... #.
..... ......###.#.###.
...... ......#....P#....
.+#...##.Y..............
......h..J..............
.......@................
.......F................
........................
........................
........................
###.##......###.#(###...
#. #......#####.###... .
+......#.........†.
#......+.......#...


You could see a polar bear, a cane toad (slow, ally target), a friendly
rockslime (summoned) and a friendly ice beast (summoned).

Vanquished Creatures
  A boulder beetle (D:11)
  A two-headed ogre (D:11)
  Lodul (D:11)
  2 cane toads (Lair:1)
  A rime drake (Lair:1)
  Grinder (D:5)
  2 trolls
  A shadow (D:11)
  2 wraiths (D:11)
  A basilisk (Lair:1)
  10 yaks
  A fire bat (D:8)
  2 steam dragons
  2 vampire mosquitoes (D:12)
  3 water moccasins
  3 sky beasts
  4 ice beasts
  2 black bears
  4 orc warriors
  5 ogres
  2 lemures (D:5)
  5 centaurs
  4 kobold brigands (Bailey)
  2 bullfrogs
  A gnoll sergeant (D:9)
  2 scorpions
  7 wights
  4 killer bees (D:9)
  3 howler monkeys
  4 bombardier beetles
  2 orc priests
  3 hounds
  2 iguanas
  A gnoll bouda (D:7)
  4 orc wizards
  Ijyb (D:5)
  Robin (D:5)
  14 gnolls
  9 adders
  3 ufetubi (D:6)
  2 ribbon worms
  2 dart slugs
  15 orcs
  3 ball pythons
  4 bats (D:2)
  An endoplasm (D:1)
  5 giant cockroaches
  10 goblins
  6 hobgoblins
  4 jackals (D:3)
  2 quokkas
  A frilled lizard (D:2)
  19 kobolds
  3 rats
200 creatures vanquished.

Vanquished Creatures (collateral kills)
  2 two-headed ogres
  A skyshark (Lair:1)
  Pikel (D:5)
  Prince Ribbit (D:6)
  2 wyverns (D:8)
  4 yaks (D:9)
  2 vampire mosquitoes (D:12)
  An acid dragon (D:10)
  An orc warrior (Bailey)
  A black bear (D:8)
  2 ogres (D:11)
  A centaur (D:8)
  4 kobold brigands
  A bullfrog (D:8)
  A gnoll sergeant (D:8)
  An orc priest (D:12)
  8 gnolls
  An ufetubus (D:6)
  5 orcs
  A goblin (D:3)
  A hobgoblin (D:5)
  A quokka (D:3)
  2 kobolds
45 creatures vanquished.

Vanquished Creatures (others)
  5 slime creatures (D:12)
  Sigmund (D:2)
  2 fire elementals (D:12)
  A scorpion (D:7)
  16 jellies
  An orc priest (D:8)
  An orc wizard (D:8)
  A statue (D:4)
  2 gnolls (D:7)
  2 white imps (D:7)
  7 orcs
  2 goblins (D:10)
  3 ball pythons (D:4)
  7 kobolds
  A spectral weapon (Lair:1)
52 creatures vanquished.

Grand Total: 297 creatures vanquished

Notes
Turn   | Place    | Note
-------+----------+-------------------------------------------
     0 | D:1      | BeKind the Octopode Ice Elementalist began the quest for
                  | the Orb.
     0 | D:1      | Reached XP level 1. HP: 11/11 MP: 3/3
   274 | D:1      | Reached XP level 2. HP: 13/17 MP: 3/5
   381 | D:1      | Found a faded altar of an unknown god.
   468 | D:1      | Prayed at the altar of an unknown god.
   468 | D:1      | Became a worshipper of Jiyva Jekaroh the Shapeless
   468 | D:1      | Reached * piety under Jiyva
   529 | D:2      | Reached XP level 3. HP: 21/21 MP: 6/6
   535 | D:2      | Learned a level 3 spell: Summon Ice Beast
   601 | D:2      | Reached skill level 1 in Summonings
   640 | D:2      | Reached XP level 4. HP: 19/27 MP: 5/7
   693 | D:2      | Noticed Sigmund
   805 | D:2      | Reached ** piety under Jiyva
   903 | D:3      | Learned a level 3 spell: Frozen Ramparts
  1091 | D:3      | Reached XP level 5. HP: 16/31 MP: 7/9
  1527 | D:3      | Found a basalt altar of Yredelemnul.
  1814 | D:2      | Killed Sigmund
  2137 | D:4      | Reached *** piety under Jiyva
  2151 | D:4      | Identified the +7 long sword of the Warrior-Mage {spect,
                  | SInv}
  2166 | D:4      | Reached skill level 1 in Shapeshifting
  2166 | D:4      | Reached XP level 6. HP: 36/36 MP: 10/10
  2180 | D:4      | Found a radiant altar of Vehumet.
  2190 | D:4      | Gained mutation: You are somewhat resistant to further
                  | mutation. [Jiyva's grace]
  2190 | D:4      | Gained mutation: You are somewhat resistant to both further
                  | mutation and mutation removal. [Jiyva's grace]
  2190 | D:4      | Gained mutation: You are almost entirely resistant to
                  | further mutation and mutation removal. [Jiyva's grace]
  2190 | D:4      | Gained mutation: You have acidic saliva. [Jiyva's grace]
  2360 | D:4      | Reached skill level 1 in Long Blades
  2512 | D:5      | Entered Level 5 of the Dungeon
  2513 | D:5      | Noticed Pikel
  2614 | D:5      | Reached skill level 5 in Ice Magic
  2630 | D:5      | Killed Pikel
  2631 | D:5      | Reached skill level 3 in Long Blades
  2631 | D:5      | Reached XP level 7. HP: 31/41 MP: 6/11
  2683 | D:5      | Reached skill level 4 in Long Blades
  2683 | D:5      | Reached XP level 8. HP: 46/46 MP: 12/12
  2998 | D:5      | Reached **** piety under Jiyva
  3030 | D:5      | Noticed Grinder
  3039 | D:5      | Killed Grinder
  3040 | D:5      | Reached skill level 5 in Long Blades
  3089 | D:5      | Noticed Robin
  3090 | D:5      | Noticed Ijyb
  3100 | D:5      | Killed Ijyb
  3101 | D:5      | Killed Robin
  3332 | D:5      | Found a blossoming altar of Fedhas.
  3388 | D:5      | Found a broken altar of Ashenzari.
  3553 | D:6      | Found a shimmering blue altar of Sif Muna.
  3601 | D:6      | Noticed Prince Ribbit
  3602 | D:6      | Found a staircase to the Ecumenical Temple.
  3603 | D:6      | Lost mutation: You are almost entirely resistant to further
                  | mutation and mutation removal. [Jiyva's grace]
  3603 | D:6      | Lost mutation: You are somewhat resistant to both further
                  | mutation and mutation removal. [Jiyva's grace]
  3603 | D:6      | Gained mutation: Your natural rate of healing is unusually
                  | fast. [Jiyva's grace]
  3603 | D:6      | Gained mutation: You heal very quickly. [Jiyva's grace]
  3603 | D:6      | Gained mutation: You regenerate. [Jiyva's grace]
  3603 | D:6      | Gained mutation: You are partially covered in iridescent
                  | scales. (AC +2) [Jiyva's grace]
  3608 | D:6      | Reached ***** piety under Jiyva
  3618 | D:6      | Found a glowing silver altar of Zin.
  3658 | D:6      | Reached skill level 6 in Long Blades
  3658 | D:6      | Reached skill level 5 in Dodging
  3719 | D:6      | Reached XP level 9. HP: 51/51 MP: 13/13
  3867 | D:6      | Killed Prince Ribbit
  4024 | D:7      | Reached skill level 7 in Long Blades
  4440 | D:7      | Reached skill level 8 in Long Blades
  4781 | D:8      | Noticed a two-headed ogre
  4785 | D:8      | Killed a two-headed ogre
  4786 | D:8      | Reached XP level 10. HP: 31/56 MP: 12/14
  4787 | D:8      | Reached skill level 9 in Long Blades
  4902 | D:8      | Reached skill level 1 in Shields
  4965 | D:8      | Lost mutation: You are somewhat resistant to further
                  | mutation. [Jiyva's grace]
  4965 | D:8      | Lost mutation: You regenerate. [Jiyva's grace]
  4965 | D:8      | Gained mutation: Your melee attacks may engulf your foes in
                  | ooze. [Jiyva's grace]
  4965 | D:8      | Gained mutation: You have a small jelly attached to you
                  | that may absorb projectiles. [Jiyva's grace]
  4965 | D:8      | Gained mutation: You have hidden genetic potential.
                  | [Jiyva's grace]
  4965 | D:8      | Gained mutation: You have great hidden genetic potential.
                  | [Jiyva's grace]
  5000 | D:8      | Found a shimmering altar of Xom.
  5032 | D:8      | Found a sacrificial altar of Ru.
  5064 | D:8      | Reached ****** piety under Jiyva
  5389 | D:9      | Found Filynu Wychu's Jewellery Emporium.
  5413 | D:9      | Reached skill level 10 in Long Blades
  5445 | D:9      | Reached skill level 5 in Shields
  5717 | D:9      | Reached XP level 11. HP: 61/61 MP: 12/15
  5726 | D:9      | Reached skill level 5 in Summonings
  6052 | D:9      | You fall into a shaft and drop 1 floor!
  6052 | D:10     | Entered Level 10 of the Dungeon
  6062 | D:10     | Noticed a two-headed ogre
  6072 | D:10     | Killed a two-headed ogre
  6083 | D:10     | Gained mutation: One of your tentacles bears a spike.
                  | [hidden potential]
  6135 | D:10     | Found Ucwoduig's Clear Minds Boutique.
  6189 | D:10     | Found a snail-covered altar of Cheibriados.
  6430 | D:10     | Found a flagged portal.
  6441 | Bailey   | Entered a bailey
  6494 | Bailey   | Reached skill level 1 in Fighting
  6505 | Bailey   | Found a bloodstained altar of Trog.
  6524 | Bailey   | Identified the +2 executioner's axe of the Pyrrhic Victory
                  | {flame, Dex+3}
  6641 | D:10     | Lost mutation: You are partially covered in iridescent
                  | scales. (AC +2) [Jiyva's grace]
  6641 | D:10     | Lost mutation: You heal very quickly. [Jiyva's grace]
  6641 | D:10     | Lost mutation: You have great hidden genetic potential.
                  | [Jiyva's grace]
  6641 | D:10     | Gained mutation: You have an increased reservoir of magic.
                  | (+10% MP) [Jiyva's grace]
  6641 | D:10     | Gained mutation: You have a considerably increased
                  | reservoir of magic. (+20% MP) [Jiyva's grace]
  6641 | D:10     | Gained mutation: You have a greatly increased reservoir of
                  | magic. (+30% MP) [Jiyva's grace]
  6641 | D:10     | Gained mutation: A frigid envelope surrounds you and
                  | freezes all who hurt you. [Jiyva's grace]
  7080 | D:11     | Found a staircase to the Orcish Mines.
  7080 | D:11     | Found a staircase to the Lair.
  7113 | D:11     | Noticed a two-headed ogre
  7121 | D:11     | Killed a two-headed ogre
  7160 | D:11     | Noticed a boulder beetle
  7181 | D:11     | Killed a boulder beetle
  7675 | D:11     | Noticed Lodul
  7696 | D:11     | Killed Lodul
  8102 | D:12     | Noticed a red ugly thing
  8112 | D:12     | Noticed Azrael
  8206 | Lair:1   | Entered Level 1 of the Lair of Beasts
  8234 | Lair:1   | Noticed a skyshark
  8246 | Lair:1   | Killed a skyshark
  8247 | Lair:1   | Reached XP level 12. HP: 74/74 MP: 21/21
  8508 | Lair:1   | Demolished by a cane toad

Illustrated notes

Levels and vault maps discovered:
D:1:      lordsloth_arrival_two_stooges, layout_basic,
          hellmonk_ecumenical_altar_leap_of_faith
D:2:      layout_rooms, uniq_sigmund
D:3:      layout_loops_corners, mainiacjoe_overflow_surrounded_room
D:4:      cheibrodos_fertilizer, layout_rooms, vehumet_statue,
          chequers_hall_statues_wall_a
D:5:      nicolae_BIG_FREAKIN_CUBE, layout_basic, fedhas_altar_3,
          ashenzari_altar_1, nicolae_goblin_pals, uniq_grinder, uniq_pikel
D:6:      layout_cave_pools, old_standard_altar, old_standard_altar,
          minmay_temple_entry_stoned_glass, uniq_prince_ribbit1
D:7:      layout_basic
D:8:      layout_rooms, mainiacjoe_overflow_small_starburst,
          regret_index_xom_of_box, minmay_bent
D:9:      layout_loops_corners, serial_shops, nicolae_shop_hallway_plus
D:10:     layout_layer_cave, mainiacjoe_overflow_concentric_impassable,
          enter_bailey_5, nicolae_clarity_for_sale
D:11:     layout_cave_pods, lair_entry_dummy, orc_0_dummy, uniq_lodul
D:12:     layout_rooms, serial_shops, nicolae_shop_tiny_statue_garden,
          minmay_fractal_squares_gapless_5, uniq_azrael, uniq_jorgrun
Lair:1:   layout_regular_city

Skill      XL: |  1  2  3  4  5  6  7  8  9 10 11 |
---------------+----------------------------------+-----
Stealth        | 3 |  3.0
Summonings     | 1 2 3 4 6 |  6.8
Dodging        | 3 5 8 9 |  9.0
Spellcasting   | 3 |  3.0
Shapeshifting  | 1 3 4 |  4.1
Long Blades    | 3 4 6 8 10 | 10.1
Ice Magic      | 5 6 |  6.7
Shields        | 5 8 |  8.3
Fighting       | 4 |  4.7

Action                     |  1- 3 |  4- 6 |  7- 9 | 10-12 || total
---------------------------+-------+-------+-------+-------++-------
  Melee: Unarmed           |    13 |    12 |       |       ||    25
         Constrict         |     7 |    16 |    13 |    31 ||    67
         Tentacles         |       |    10 |    16 |    49 ||    75
         Long sword        |       |    25 |    91 |   185 ||   301
         Bite              |       |     4 |    13 |    28 ||    45
         Kick              |       |       |       |    46 ||    46
   Cast: Freeze            |    25 |    26 |     1 |    16 ||    68
         Summon Ice Beast  |       |     3 |    11 |    28 ||    42
         Frozen Ramparts   |       |     2 |     2 |    17 ||    21
    Use: Scroll            |       |       |     2 |     5 ||     7
   Stab: Sleeping          |     2 |     6 |    12 |     4 ||    24
         Distracted        |       |       |     1 |     1 ||     2
 Armour: Skin              |    10 |    23 |    47 |    76 ||   156
  Dodge: Dodged            |    23 |    27 |    33 |   103 ||   186
  Block: Other             |     4 |    10 |    18 |     6 ||    38
         Buckler           |       |       |       |    86 ||    86
         Reflection        |       |       |       |    13 ||    13

Table legend: (Time is in decaauts)
 A = Elapsed time spent in this place.
 B = Non-inter-level travel time spent in this place.
 C = Inter-level travel time spent in this place.
 D = Time resting spent in this place.
 E = Time spent auto-exploring this place.
 F = Levels seen in this place.
 G = Mean time per level.
                   A        B        C        D        E       F      G
               +--------+--------+--------+--------+--------+-----+--------+
         Total |   8521 |   7680 |    841 |      0 |   6156 |  14 |  608.6 |
       Dungeon |   8123 |   7291 |    832 |      0 |   5900 |  12 |  676.9 |
          Lair |    300 |    291 |      9 |      0 |    217 |   1 |  300.0 |
        Bailey |     98 |     98 |      0 |      0 |     39 |   1 |   98.0 |
               +--------+--------+--------+--------+--------+-----+--------+

Top non-repeatable levels by time:
    D:11: 995 daAuts
     D:5: 989 daAuts
     D:3: 940 daAuts
    D:10: 926 daAuts
     D:7: 765 daAuts
     D:9: 740 daAuts
     D:1: 601 daAuts
     D:2: 567 daAuts
     D:8: 540 daAuts
     D:4: 460 daAuts
     D:6: 459 daAuts
  Lair:1: 300 daAuts
    D:12: 137 daAuts
  Bailey: 98 daAuts
